 Dungeon Crawl Stone Soup version 0.18.1-1-g2f07953 (webtiles) character file.

3866 varam the Grappler (level 9, -1/75 HPs)
             Began as a Troll Transmuter on May 6, 2016.
             Was a Believer of Okawaru.
             Slain by an unseen horror (9 damage)
             ... on level 9 of the Dungeon.
             The game lasted 00:30:09 (7862 turns).

varam the Grappler (Troll Transmuter)               Turns: 7862, Time: 00:30:10

Health: -1/75      AC:  7    Str: 21    XL:     9   Next: 99%
Magic:  13/14      EV: 13    Int:  9    God:    Okawaru [**....]
Gold:   491        SH:  0    Dex: 12    Spells: 4 memorised, 6 levels left

rFire  . . .     SeeInvis .       - Unarmed
rCold  . . .     Gourm    +     b - +0 robe
rNeg   . . .     Faith    .     (no shield)
rPois  .         Spirit   .     (helmet restricted)
rElec  .         Dismiss  .     f - +1 cloak
rCorr  .         Reflect  .     (gloves unavailable)
SustAt .         Harm     .     (boots unavailable)
MR     .....                    (no amulet)
Stlth  ..........               R - +3 ring of evasion
                                A - ring of the Fifty Demons {Slay+3 Stlth-}

@: not resistant to hostile enchantments, extremely unstealthy
A: unfitting armour, claws 3, fast metabolism 3, gourmand, regeneration 2,
shaggy fur 1, tough skin 2
a: Heroism, Renounce Religion


You were on level 9 of the Dungeon.
You worshipped Okawaru.
Okawaru was pleased with you.
You were full.

You visited 2 branches of the dungeon, and saw 10 of its levels.

You collected 491 gold pieces.

Inventory:

Missiles
 a - 181 arrows
 e - 7 steel tomahawks (quivered)
 J - 9 tomahawks
Armour
 b - a +0 robe (worn)
 f - a +1 cloak (worn)
 s - a +0 buckler
Jewellery
 r - an uncursed ring of magical power
 w - an uncursed ring of fire
 A - the ring of the Fifty Demons (left claw) {Slay+3 Stlth-}
   (You found it on level 5 of the Dungeon)

   [ring of loudness]

   It affects your accuracy and damage with ranged weapons and melee attacks
   (+3).
   It makes you less stealthy.
 H - an uncursed ring of sustain attributes
 R - a +3 ring of evasion (right claw)
Wands
 x - a wand of random effects (34/48)
 K - a wand of random effects (19/48)
Scrolls
 g - 3 scrolls of enchant armour
 h - 4 scrolls of identify
 j - 3 scrolls of magic mapping
 l - a scroll of enchant weapon {unknown}
 m - a scroll of amnesia {unknown}
 p - a scroll of fog {unknown}
 t - 2 scrolls of blinking {unknown}
 y - a scroll of random uselessness {unknown}
 G - 2 scrolls of recharging {unknown}
 N - a scroll of torment {unknown}
 O - a scroll of acquirement {unknown}
 S - a scroll of teleportation {unknown}
Potions
 k - 4 potions of heal wounds
 n - 7 potions of curing {unknown}
 q - 2 potions of brilliance {unknown}
 u - a potion of berserk rage {unknown}
 z - a potion of haste {unknown}
 B - 2 potions of ambrosia {unknown}
 C - a potion of agility {unknown}
 D - a potion of degeneration {unknown}
 E - a potion of cancellation {unknown}
 I - a potion of lignification {unknown}
 L - 2 potions of might {unknown}
 P - a potion of invisibility {unknown}
Books
 c - a book of Changes

   Spells                             Type                      Level
   a - Beastly Appendage              Transmutation                1
   b - Sticks to Snakes               Transmutation                2
   c - Spider Form                    Transmutation/Poison         3
   d - Ice Form                       Ice/Transmutation            4
   e - Blade Hands                    Transmutation                5
Miscellaneous
 Q - a sack of spiders
Comestibles
 d - 7 bread rations
 i - 10 fruits
 o - 6 meat rations
 v - a royal jelly
 F - a slice of pizza


   Skills:
 - Level 0.7 Fighting
 - Level 1.5 Dodging
 - Level 11.3 Unarmed Combat
 + Level 4.3 Spellcasting
 + Level 4.7 Transmutations
 + Level 1.3 Ice Magic


You had 6 spell levels left.
You knew the following spells:

 Your Spells              Type           Power        Failure   Level  Hunger
a - Beastly Appendage     Trmt           ##....       4%          1    #......
b - Sticks to Snakes      Trmt           ##......     8%          2    ###....
c - Spider Form           Trmt/Pois      #.........   34%         3    ###....
d - Ice Form              Ice/Trmt       #.......     78%         4    #####..


Dungeon Overview and Level Annotations

Branches:
Dungeon (9/15)             Temple (1/1) D:6
   Lair: D:8-11         Orc: D:9-12

Altars:
Ashenzari
Cheibriados
Dithmenos
Elyvilon
Fedhas
Gozag
Kikubaaqudgha
Makhleb
Nemelex Xobeh
Okawaru
Pakellas
Qazlal
Ru
Sif Muna
Trog
Vehumet
Xom
Yredelemnul
Zin
The Shining One

Shops:
D:6 *((=(   D:8 }


Innate Abilities, Weirdness & Mutations

You are too large for most types of armour.
You have claws for hands.
Your metabolism is lightning-fast.
You like to eat raw meat.
You heal very quickly.
You are covered in fur (AC +1).
You have very tough skin (AC +2).


Message History

Read which item? (? for menu, Esc to quit)
As you read the scroll labeled EBBIEG QUTARO, it crumbles to dust.
It is a scroll of identify.
Identify which item? (\ to view known items) (? for menu, Esc to quit)
j - 3 scrolls of magic mapping Something hits you!
* * * LOW HITPOINT WARNING * * *
Something barely misses you. Something hits you.
* * * LOW HITPOINT WARNING * * *
Something hits you.
* * * LOW HITPOINT WARNING * * *
Something hits you.
* * * LOW HITPOINT WARNING * * *
Something hits you but does no damage. Something hits you.
* * * LOW HITPOINT WARNING * * *
Something hits you.
* * * LOW HITPOINT WARNING * * *
Something hits you!
You die...

##########.......................
#...#################### #...#
#...# #...# #...#
#...####################
##########.......................
................@................
..........##########.............
..........# #...............
..........# #.#.............
..........# #.##............
..........########..##...........
...............#...#.#...........
#.############.#..#..#...........
#.# #.#.#..#############


There were no monsters in sight!

Vanquished Creatures
  A two-headed ogre (D:8)
  Sigmund (D:3)
  2 orc warriors
  A sky beast (D:9)
  An ice beast (D:5)
  3 ogres
  4 phantoms
  4 centaurs
  4 giant frogs
  2 scorpions (D:4)
  5 killer bees (D:9)
  8 wights
  3 howler monkeys (D:8)
  2 crimson imps
  A giant frog zombie (D:5)
  A quasit (D:6)
  An orc priest (D:8)
  Crazy Yiuf (D:3)
  A centaur skeleton (D:6)
  A hound (D:6)
  2 jellies
  12 orc wizards
  A giant frog skeleton (D:9)
  Ijyb (D:3)
  An iguana (D:9)
  6 worker ants
  A killer bee zombie (D:5)
  A hound skeleton (D:4)
  A howler monkey skeleton (D:7)
  4 adders
  A shadow imp (D:5)
  4 oozes
  2 adder skeletons
  4 worms
  3 dart slugs
  3 giant geckos
  28 orcs
  A ball python (D:8)
  3 giant cockroaches
  8 goblins
  6 hobgoblins
  13 jackals
  10 kobolds
  4 quokkas
  A ball python zombie (D:5)
  5 bats
  A giant gecko skeleton (D:6)
  7 giant newts
  6 rats
187 creatures vanquished.

Vanquished Creatures (collateral kills)
  2 wights (D:9)
2 creatures vanquished.

Grand Total: 189 creatures vanquished

Notes
Turn   | Place    | Note
--------------------------------------------------------------
     0 | D:1      | varam the Troll Transmuter began the quest for the Orb.
     0 | D:1      | Reached XP level 1. HP: 18/18 MP: 1/1
   354 | D:1      | Reached XP level 2. HP: 26/26 MP: 1/3
  1021 | D:2      | Reached XP level 3. HP: 31/32 MP: 1/4
  1066 | D:2      | Found a burning altar of Makhleb.
  1448 | D:2      | Reached skill level 4 in Unarmed Combat
  1693 | D:3      | Noticed Ijyb
  1704 | D:3      | Killed Ijyb
  1704 | D:3      | Reached XP level 4. HP: 30/40 MP: 4/6
  1877 | D:3      | Noticed Sigmund
  2279 | D:3      | Killed Sigmund
  2279 | D:3      | Reached XP level 5. HP: 37/46 MP: 7/7
  2480 | D:3      | Reached XP level 6. HP: 54/54 MP: 8/8
  2652 | D:3      | Found a sacrificial altar of Ru.
  2725 | D:3      | Noticed Crazy Yiuf
  2735 | D:3      | Killed Crazy Yiuf
  2735 | D:3      | Reached skill level 5 in Unarmed Combat
  2912 | D:4      | Learned a level 2 spell: Sticks to Snakes
  2916 | D:4      | Learned a level 3 spell: Spider Form
  3268 | D:4      | Reached XP level 7. HP: 61/61 MP: 10/10
  3689 | D:4      | Found a deep blue altar of Sif Muna.
  3730 | D:5      | Entered Level 5 of the Dungeon
  4079 | D:5      | Reached skill level 6 in Unarmed Combat
  4472 | D:5      | Got a bound steel ring
  4475 | D:5      | Identified the ring of the Fifty Demons {Slay+3 Stlth-} (You found it on level 5 of the Dungeon)
  4673 | D:5      | Reached XP level 8. HP: 60/68 MP: 12/12
  4711 | D:6      | Found Takiatso's Assorted Antiques.
  4862 | D:6      | Found Woluhila's Weapon Emporium.
  4873 | D:6      | Found Dedemaem's Jewellery Shoppe.
  4879 | D:6      | Found Joluk's Antique Weapon Shop.
  5058 | D:6      | Reached skill level 7 in Unarmed Combat
  5152 | D:6      | Found Xeaweadi's Weapon Shop.
  5252 | D:6      | Found a staircase to the Ecumenical Temple.
  5263 | Temple   | Entered the Ecumenical Temple
  5275 | Temple   | Became a worshipper of Warmaster Okawaru
  5357 | D:7      | Found an opulent altar of Gozag.
  5466 | D:7      | Found a blossoming altar of Fedhas.
  5555 | D:7      | Reached skill level 8 in Unarmed Combat
  6118 | D:8      | Reached XP level 9. HP: 75/75 MP: 14/14
  6132 | D:8      | Reached skill level 9 in Unarmed Combat
  6539 | D:8      | Found Tealakom's Gadget Shop.
  6578 | D:8      | Reached skill level 10 in Unarmed Combat
  6644 | D:8      | Reached * piety under Okawaru
  6734 | D:8      | Learned a level 4 spell: Ice Form
  6877 | D:9      | Found a shattered altar of Ashenzari.
  6881 | D:9      | Saw a vision of the Swamp and the Spider Nest.
  6881 | D:9      | Noticed a wolf spider
  6885 | D:9      | Noticed a wolf spider
  6886 | D:9      | Noticed a wolf spider
  7037 | D:9      | Reached skill level 11 in Unarmed Combat
  7166 | D:9      | Reached ** piety under Okawaru
  7494 | D:9      | Reached skill level 1 in Ice Magic
  7822 | D:9      | Found an ancient bone altar of Kikubaaqudgha.
  7840 | D:9      | HP: 3/75 [something (4)]
  7862 | D:9      | Slain by an unseen horror

Skill      XL: |  1  2  3  4  5  6  7  8  9 |
---------------+----------------------------+-----
Unarmed Combat | 4 5 6 8 11 | 11.3
Spellcasting   | 2 3 4 |  4.3
Transmutations | 2 3 4 |  4.7
Ice Magic      | 1 |  1.3
Fighting       | |  0.7
Dodging        | |  1.5

Action                   |  1- 3 |  4- 6 |  7- 9 || total
-------------------------+-------+-------+-------++-------
Melee: Unarmed           |   133 |   112 |   343 ||   588
       Kick              |     2 |     5 |    13 ||    20
       Headbutt          |     2 |     5 |     5 ||    12
       Punch             |       |     3 |     5 ||     8
 Cast: Beastly Appendage |     8 |    10 |    22 ||    40
       Spider Form       |       |       |    17 ||    17
       Sticks to Snakes  |       |       |     5 ||     5
  Use: Potion            |       |       |     3 ||     3
       Scroll            |       |       |     2 ||     2
 Stab: Sleeping          |     2 |       |       ||     2
  Eat: Chunk             |    18 |    13 |    43 ||    74
       Bread ration      |       |     1 |       ||     1
Armor: Robe              |    58 |    24 |    83 ||   165
       Skin              |       |       |     4 ||     4
Dodge: Dodged            |    59 |    34 |   171 ||   264
